 Dungeon Crawl Stone Soup version 0.31-a0-986-g5e6e4ef867 (webtiles) character file.

Game seed: 902128468184898424

872 voltaire321 the Sneak (level 8, -1/46 HPs)
             Began as a Kobold Conjurer on Nov 7, 2023.
             Was a Follower of Wu Jian.
             Slain by a gnoll
             ... wielding a +0 spear
             ... led by a gnoll bouda
              (4 damage)
             ... on level 6 of the Dungeon.
             The game lasted 00:11:54 (5761 turns).

voltaire321 the Sneak (Kobold Conjurer)             Turns: 5761, Time: 00:11:55

Health: -1/46      AC:  6    Str: 13    XL:     8   Next: 24%
Magic:  4/13       EV: 16    Int: 19    God:    Wu Jian [*.....]
Gold:   282        SH:  0    Dex: 13    Spells: 8/14 levels left

rFire   . . .        r - +0 dagger (elec)
rCold   . . .        (no shield)
rNeg    . . .        a - +0 robe
rPois   .            u - +0 helmet
rElec   .            o - +2 cloak
rCorr   .            (no gloves)
SInv    .            (no boots)
Will    .....        (no amulet)
Stlth   ++++         e - +6 ring of strength
HPRegen 0.27/turn    (no ring)
MPRegen 0.13/turn

%: no passive effects
@: no status effects
A: small, no large weapons, nightstalker 3
a: Renounce Religion


You were on level 6 of the Dungeon.
You worshipped Wu Jian.
Wu Jian was aware of your devotion.
You visited 1 branch of the dungeon, and saw 6 of its levels.

You collected 282 gold pieces.

Inventory:

Hand Weapons
 c - a +2 short sword of holy wrath
 r - a +0 dagger of electrocution (weapon)
 x - a +0 rapier
Missiles
 i - 3 throwing nets
 q - 7 poisoned darts
Armour
 a - a +0 robe (worn)
 o - a +2 cloak (worn)
 u - a +0 helmet (worn)
Jewellery
 e - a +6 ring of strength (left hand)
Wands
 w - a wand of polymorph (4)
Scrolls
 d - 2 scrolls of silence {unknown}
 g - a scroll of immolation {unknown}
 j - 2 scrolls of fog {unknown}
 l - 4 scrolls of identify {unknown}
 m - 2 scrolls of poison {unknown}
 n - a scroll of enchant weapon {unknown}
 p - a scroll of revelation {unknown}
 y - a scroll of acquirement {unknown}
 A - a scroll of teleportation {unknown}
 B - a scroll of enchant armour {unknown}
Potions
 b - a potion of magic
 f - a potion of curing
 h - 2 potions of mutation {unknown}
 k - 2 potions of lignification
 s - 2 potions of enlightenment {unknown}
 t - a potion of berserk rage {unknown}
 v - a potion of cancellation
 z - a potion of haste {unknown}


   Skills:
 + Level 3.5 Fighting
 + Level 3.7 Short Blades
 + Level 2.4 Armour
 + Level 4.6 Dodging
 + Level 5.4 Stealth
 + Level 3.8 Spellcasting
 + Level 5.2 Conjurations


You had 8 spell levels left.
You knew the following spells:

 Your Spells              Type           Power      Damage    Failure   Level
a - Magic Dart            Conj           92%        1d7       1%          1
b - Searing Ray           Conj           46%        2d6       2%          2
c - Dazzling Flash        Conj/Hex       26%        N/A       14%         3

Your spell library contained the following spells:

 Spells                   Type           Power      Damage    Failure   Level
 Cigotuvi's Dreadful Rot  Necr/Pois/Air  6%         N/A       22%         2
 Ignite Poison            Fire/Tmut/Pois 3%         N/A       38%         3
 Fulminant Prism          Conj/Hex       6%         3d6       43%         4
 Iskenderun's Mystic Bla  Conj/Tloc      13%        2d5       43%         4
 Freezing Cloud           Conj/Ice/Air   5%         6-21      88%         5


Dungeon Overview and Level Annotations

Branches:
Dungeon (6/15)
 Temple: D:4-7

Altars:
Elyvilon
Kikubaaqudgha
Wu Jian
Xom


Innate Abilities, Weirdness & Mutations

You are small and have problems with some larger weapons.
You are completely attuned to the shadows.


Message History

The gnoll hits you but does no damage. The gnoll closely misses you.
You barely miss the white imp.
The gnoll hits you from afar with a +0 spear.
The white imp gestures at you. The puff of frost misses you.
The gnoll hits you from afar with a +0 halberd!
* * * LOW HITPOINT WARNING * * *
You hit the white imp.
The white imp is lightly wounded.
The gnoll closely misses you. The white imp barely misses you.
The gnoll hits you from afar with a +0 halberd!
* * * LOW HITPOINT WARNING * * *
You hit the white imp but do no damage.
The white imp is lightly wounded.
The gnoll completely misses you. The white imp misses you.
You feel better. The gnoll barely misses you.
The white imp hits you but does no damage.
The gnoll hits you from afar with a +0 spear.
* * * LOW HITPOINT WARNING * * *
It was a potion of lignification.
You turn into a tree.
Your +2 cloak melds into your body.
Your +0 helmet melds into your body.
Your +0 robe melds into your body.
Your roots penetrate the ground.
The gnoll hits you from afar with a +0 halberd.
* * * LOW HITPOINT WARNING * * *
The white imp completely misses you. The gnoll hits you but does no damage.
You feel better. The gnoll barely misses you. The white imp hits you.
* * * LOW HITPOINT WARNING * * *
The white imp freezes you.
* * * LOW HITPOINT WARNING * * *
The gnoll barely misses you.
It was a potion of cancellation.
Your magical effects are unravelling.
You feel magically purged.
You feel less wooden.
Your +2 cloak unmelds from your body.
Your +0 helmet unmelds from your body.
Your +0 robe unmelds from your body.
The gnoll closely misses you. The white imp gestures at you.
The puff of frost hits you but does no damage.
The gnoll hits you from afar with a +0 spear.
You die...

...... ...... ....
#...5 ##....# ###...)
#...#..# #. #.#..)<
....#..###..###......
.......<###.#....##..
......g)........###..
....@5g.....g..## ...
..#.........%..#
##......<....#
#...........#
..............
.....###.## .....# ..


You could see 2 gnolls and a white imp.

Vanquished Creatures
  A black bear (D:5)
  A centaur (D:5)
  A phantom (D:4)
  2 scorpions (D:5)
  A howler monkey (D:5)
  A hound (D:5)
  An orc priest (D:3)
  3 gnoll boudas
  3 iguanas
  12 gnolls
  4 adders
  A shadow imp (D:4)
  A white imp (D:5)
  2 worms
  2 dart slugs (D:3)
  11 orcs
  7 ball pythons
  3 bats
  3 endoplasms
  3 giant cockroaches
  4 goblins
  5 hobgoblins
  3 quokkas
  A frilled lizard (D:2)
  12 kobolds
  4 rats
92 creatures vanquished.

Notes
Turn   | Place    | Note
-------+----------+-------------------------------------------
     0 | D:1      | voltaire321 the Kobold Conjurer began the quest for the
                  | Orb.
     0 | D:1      | Reached XP level 1. HP: 10/10 MP: 3/3
   382 | D:1      | Reached XP level 2. HP: 15/15 MP: 3/5
  1219 | D:2      | Found a shimmering altar of Xom.
  1288 | D:2      | Found a faded altar of an unknown god.
  1490 | D:2      | Reached XP level 3. HP: 17/20 MP: 0/6
  1501 | D:2      | Learned a level 2 spell: Searing Ray
  1560 | D:2      | Reached skill level 1 in Fighting
  2293 | D:3      | Learned a level 3 spell: Dazzling Flash
  2322 | D:3      | Found an ornate altar of the Wu Jian Council.
  2382 | D:3      | Became a worshipper of the Wu Jian Council
  2456 | D:3      | Reached XP level 4. HP: 25/25 MP: 7/7
  2472 | D:3      | Reached skill level 1 in Short Blades
  2572 | D:3      | Found an ancient bone altar of Kikubaaqudgha.
  2581 | D:3      | Found a white marble altar of Elyvilon.
  2846 | D:3      | Reached XP level 5. HP: 30/30 MP: 9/9
  3096 | D:4      | Reached skill level 1 in Armour
  3400 | D:4      | Reached * piety under Wu Jian
  3667 | D:4      | Noticed a phantom
  3682 | D:4      | Killed a phantom
  3683 | D:4      | Reached XP level 6. HP: 22/36 MP: 3/10
  4148 | D:5      | Entered Level 5 of the Dungeon
  4298 | D:5      | Reached XP level 7. HP: 40/40 MP: 11/11
  4553 | D:5      | Reached skill level 5 in Stealth
  4680 | D:5      | Reached skill level 5 in Conjurations
  4696 | D:5      | Reached XP level 8. HP: 27/46 MP: 7/13
  5756 | D:6      | HP: 1/46 [gnoll/+0 halberd[a gnoll bouda] (9)]
  5761 | D:6      | Slain by a gnoll

Illustrated notes

Levels and vault maps discovered:
D:1:      heliophobic_arrival_battle_scene, layout_loops_ring
D:2:      layout_loops_ring, basic_altar, shapermc_ecumenical_altar_flowoftime
D:3:      layout_basic, elyvilon_altar_5, general_overflow_altar,
          nicolae_wu_jian_wuxing_cycle
D:4:      layout_loops_ring, kennysheep_opposing_triangles
D:5:      layout_basic, portal_sewer_entry_e, grunt_decor_mini_mirrors
D:6:      due_chaos_kobolds, layout_cave_pools,
          minmay_temple_entry_antechambers, serial_gnoll_camp,
          gnoll_camp_mini_shop, gnoll_camp_mini_hut, gnoll_camp_medium_01,
          gnoll_camp_mini_loothouse, gnoll_camp_huts_basic,
          gnoll_camp_mini_basic

Skill      XL: |  1  2  3  4  5  6  7 |
---------------+----------------------+-----
Stealth        | 3 4 5 |  5.4
Fighting       | 1 2 3 |  3.5
Dodging        | 3 4 |  4.6
Short Blades   | 1 2 3 |  3.7
Armour         | 1 2 |  2.4
Spellcasting   | 3 |  3.8
Conjurations   | 5 |  5.2

Action                     |  1- 3 |  4- 6 |  7- 9 || total
---------------------------+-------+-------+-------++-------
  Melee: Unarmed           |     8 |       |       ||     8
         Dagger            |    53 |    90 |    44 ||   187
   Cast: Magic Dart        |    48 |    14 |     2 ||    64
         Searing Ray       |     2 |     8 |     4 ||    14
Ability: Lunge             |     1 |    14 |     7 ||    22
         Whirlwind         |       |     1 |       ||     1
    Use: Potion            |       |     1 |     4 ||     5
   Stab: Sleeping          |     3 |    14 |     8 ||    25
         Distracted        |     1 |       |     1 ||     2
 Armour: Robe              |    25 |    48 |    31 ||   104
         Skin              |       |       |     3 ||     3
  Dodge: Dodged            |    41 |    67 |    49 ||   157

Table legend: (Time is in decaauts)
 A = Elapsed time spent in this place.
 B = Non-inter-level travel time spent in this place.
 C = Inter-level travel time spent in this place.
 D = Time resting spent in this place.
 E = Time spent auto-exploring this place.
 F = Levels seen in this place.
 G = Mean time per level.
                   A        B        C        D        E       F      G
               +--------+--------+--------+--------+--------+-----+--------+
         Total |   5755 |   5366 |    389 |    925 |   3607 |   6 |  959.2 |
       Dungeon |   5755 |   5366 |    389 |    925 |   3607 |   6 |  959.2 |
               +--------+--------+--------+--------+--------+-----+--------+

Top non-repeatable levels by time:
     D:5: 1536 daAuts
     D:4: 1142 daAuts
     D:2: 1060 daAuts
     D:1: 972 daAuts
     D:3: 967 daAuts
     D:6: 75 daAuts
